 Dungeon Crawl Stone Soup version bcrawl-1.22 (webtiles) character file.

Game seed: 15199024151781026798

56 pasperui the Ducker (level 3, -3/35 HPs)
             Began as a Gnoll Reaver on May 15, 2020.
             Was a Follower of Vehumet.
             Slain by a gnoll
             ... wielding a +0 halberd
              (8 damage)
             ... on level 2 of the Dungeon.
             The game lasted 00:02:43 (1150 turns).

pasperui the Ducker (Gnoll Reaver)                  Turns: 1150, Time: 00:02:44

Health: -3/35      AC:  5    Str: 14    XL:     3   Next: 95%
Magic:  8/9        EV: 15    Int: 16    God:    Vehumet [*.....]
Gold:   147        SH:  1    Dex: 13    Spells: 11/12 levels left

rFire    . . .     SeeInvis .   a - +0 long sword
rCold    . . .     Gourm    .   (no shield)
rNeg     . . .     Faith    .   b - +0 steam dragon scales
rPois    .         Spirit   .   (no helmet)
rElec    .         Reflect  .   (no cloak)
rCorr    .         Harm     .   (no gloves)
MR       .....                  (no boots)
Stlth    ++........             (no amulet)
HPRegen  0.11/turn              r - ring of flight
MPRegen  0.11/turn              (no ring)

@: no status effects
A: distributed training, fangs 1, strong nose
a: Renounce Religion, Evoke Flight


You were on level 2 of the Dungeon.
You worshipped Vehumet.
Vehumet was aware of your devotion.
You were not hungry.

You visited 1 branch of the dungeon, and saw 2 of its levels.

You collected 147 gold pieces.

Inventory:

Hand Weapons
 a - a +0 long sword (weapon)
 g - a +0 spear
Missiles
 h - 199 sling bullets
 j - 503 stones (quivered)
 m - 117 arrows
 o - 292 bolts
 p - 93 poisoned needles
Armour
 b - +0 steam dragon scales (worn)
 n - a +0 medium shield
Jewellery
 r - a ring of flight (left hand)
Scrolls
 d - a scroll of immolation
 f - a scroll of identify {unknown}
 i - 2 scrolls of teleportation {unknown}
 l - 3 scrolls of enchant weapon {unknown}
Potions
 c - a potion of haste
 k - a potion of cancellation {unknown}
Comestibles
 e - 4 rations {!d}
 q - a chunk of flesh


   Skills:
 + Level 6.5 Fighting
 + Level 1.0 Short Blades
 + Level 6.5 Long Blades
 + Level 1.0 Axes
 + Level 1.0 Maces & Flails
 + Level 1.0 Polearms
 + Level 1.0 Staves
 + Level 1.0 Slings
 + Level 1.0 Bows
 + Level 1.0 Crossbows
 + Level 1.0 Throwing
 + Level 1.0 Armour
 + Level 6.5 Dodging
 + Level 1.0 Stealth
 + Level 1.0 Shields
 + Level 1.0 Unarmed Combat
 + Level 5.0 Spellcasting
 + Level 0.7 Conjurations
 + Level 0.7 Hexes
 + Level 0.7 Charms
 + Level 0.7 Summonings
 + Level 0.7 Necromancy
 + Level 0.7 Translocations
 + Level 0.7 Transmutations
 + Level 0.7 Fire Magic
 + Level 0.7 Ice Magic
 + Level 0.7 Air Magic
 + Level 0.7 Earth Magic
 + Level 0.7 Poison Magic
 + Level 1.0 Invocations
 + Level 1.0 Evocations


You had 11 spell levels left.
You knew the following spells:

 Your Spells              Type           Power        Failure   Level  Hunger
a - Shock                 Conj/Air       #....        3%          1    None

Your spell library contained the following spells:

 Spells                   Type           Power        Failure   Level  Hunger
 Iskenderun's Battlesphe  Conj/Chrm      #.......     61%         5    ######.


Dungeon Overview and Level Annotations

Branches:
Dungeon (2/12)

Altars:
Vehumet
Zin


Innate Abilities, Weirdness & Mutations

Your experience applies equally to all skills.
You have very sharp teeth.
Your uncanny sense of smell can sniff out nearby items.


Message History

Your Unarmed Combat skill increases to level 1!
Your Evocations skill increases to level 1!
The gnoll hits you from afar with a +0 halberd!
* * * LOW HITPOINT WARNING * * *
Casting: Shock (safe; 3% risk of failure)
Confirm with . or Enter, or press ? or * to list all spells.
You don't know that spell.
Unknown command.
Casting: Shock (safe; 3% risk of failure)
Confirm with . or Enter, or press ? or * to list all spells.
Aiming: Shock (safe; 3% risk of failure)
Press: ? - help, Shift-Dir - straight line, f - gnoll
Aim: a gnoll, wielding a +0 whip The zap hits the gnoll but does no damage.
The zap hits the gnoll.
The gnoll is moderately wounded.
The zap hits the gnoll.
The gnoll is lightly wounded.
The gnoll hits you from afar with a +0 halberd!
You die...

# #...# # ###.# #.∆
.#.#####.###...#### # >.
#?$..............).
....#.#..# ####.....###
....._..g# #.###...#
....#.##g# ####.#####.. .
.. #g# #...)..####. ...
#.# #......##... ##. #@#
#......##.## ###### #.#
#......##.# #....# #.#
##.######.## #....# #.#
##.##.....##
#...>###.#####..##....###
#>.............###....###
#....#...####### #.....##
#....#...# #....##
#....#...# #....#


You could see 3 gnolls.

Vanquished Creatures
  2 gnolls
  An ooze (D:2)
  2 leopard geckos (D:1)
  2 goblins
  5 hobgoblins
  A quokka (D:2)
  A ball python (D:1)
  6 bats
  A frilled lizard (D:2)
  7 kobolds
  3 rats (D:1)
31 creatures vanquished.

Notes
Turn   | Place    | Note
-------+----------+-------------------------------------------
     0 | D:1      | pasperui the Gnoll Reaver began the quest for the Orb.
     0 | D:1      | Reached XP level 1. HP: 23/23 MP: 6/6
   175 | D:1      | Reached XP level 2. HP: 28/29 MP: 7/7
   348 | D:1      | Reached * piety under Vehumet
   348 | D:1      | Offered knowledge of Shock by Vehumet.
   351 | D:1      | Learned a level 1 spell: Shock
   396 | D:1      | Reached XP level 3. HP: 35/35 MP: 3/9
   519 | D:1      | Reached skill level 5 in Spellcasting
   843 | D:2      | Found a glowing silver altar of Zin.
  1066 | D:2      | Reached skill level 1 in Invocations
  1138 | D:2      | Found a radiant altar of Vehumet.
  1148 | D:2      | Reached skill level 1 in Short Blades
  1148 | D:2      | Reached skill level 1 in Axes
  1148 | D:2      | Reached skill level 1 in Maces & Flails
  1148 | D:2      | Reached skill level 1 in Polearms
  1148 | D:2      | Reached skill level 1 in Staves
  1148 | D:2      | Reached skill level 1 in Slings
  1148 | D:2      | Reached skill level 1 in Bows
  1148 | D:2      | Reached skill level 1 in Crossbows
  1148 | D:2      | Reached skill level 1 in Throwing
  1148 | D:2      | Reached skill level 1 in Armour
  1148 | D:2      | Reached skill level 1 in Stealth
  1148 | D:2      | Reached skill level 1 in Shields
  1148 | D:2      | Reached skill level 1 in Unarmed Combat
  1148 | D:2      | Reached skill level 1 in Evocations
  1150 | D:2      | Slain by a gnoll

Skill      XL: |  1  2  3 |
---------------+----------+-----
Spellcasting   | 5 |  5.0
Invocations    | 1 |  1.0
Short Blades   | 1 |  1.0
Axes           | 1 |  1.0
Maces & Flails | 1 |  1.0
Polearms       | 1 |  1.0
Staves         | 1 |  1.0
Slings         | 1 |  1.0
Bows           | 1 |  1.0
Crossbows      | 1 |  1.0
Throwing       | 1 |  1.0
Armour         | 1 |  1.0
Stealth        | 1 |  1.0
Shields        | 1 |  1.0
Unarmed Combat | 1 |  1.0
Evocations     | 1 |  1.0
Fighting       | |  6.5
Long Blades    | |  6.5
Dodging        | |  6.5
Conjurations   | |  0.7
Hexes          | |  0.7
Charms         | |  0.7
Summonings     | |  0.7
Necromancy     | |  0.7
Translocations | |  0.7
Transmutations | |  0.7
Fire Magic     | |  0.7
Ice Magic      | |  0.7
Air Magic      | |  0.7
Earth Magic    | |  0.7
Poison Magic   | |  0.7

Action                   || total
-------------------------++-------
Melee: Long sword        ||    94
       Bite              ||     8
 Cast: Shock             ||     5
  Eat: Chunk             ||     1
Armor: Steam dragon scal ||    30
Dodge: Dodged            ||    91
Block: Other             ||     7
